 Dungeon Crawl Stone Soup version 0.19.1 (webtiles) character file.

590323 lorenzova the Archmage (level 26, -6/141 HPs)
             Began as a Deep Elf Conjurer on Nov 25, 2016.
             Was the Champion of Vehumet.
             Mangled by a vault warden
             ... wielding a +3 halberd
              (11 damage)
             ... on level 5 of the Vaults on Nov 27, 2016.
             The game lasted 06:24:29 (75404 turns).

lorenzova the Archmage (Deep Elf Conjurer)         Turns: 75404, Time: 06:24:30

Health: -6/141     AC: 17    Str:  9    XL:     26   Next: 66%
Magic:  9/65       EV: 17    Int: 43    God:    Vehumet [******]
Gold:   597        SH: 14    Dex: 18    Spells: 14 memorised, 4 levels left

rFire  + + .     SeeInvis .     J - +6 scimitar of Flaming Death {sticky flame, rPois rF++ rC- MR+}
rCold  . . .     Gourm    .     B - +0 ring mail of Peek-a-Boo {rElec Str+2 Int+4}
rNeg   . . .     Faith    .     f - +1 buckler {reflect}
rPois  +         Spirit   .     N - +0 helmet of Card Tricks {rCorr Str+2 Int+4}
rElec  +         Reflect  +     L - +2 cloak
rCorr  +         Harm     .     S - +0 pair of gloves {Dex+3}
MR     +++..                    K - +2 pair of boots {run}
Stlth  +++.......               a - brooch of Shielding {Reflect SH+8}
                                o - ring of magical power
                                X - ring of Tott {rPois rC+ Int+2}

@: exhausted, about to teleport, very slightly contaminated, drained, quick
A: wild magic 1, sturdy frame 1
a: Renounce Religion
}: 2/15 runes: decaying, serpentine


You were on level 5 of the Vaults.
You worshipped Vehumet.
Vehumet was exalted by your worship.
You were not hungry.

You visited 11 branches of the dungeon, and saw 47 of its levels.
You also visited: Labyrinth, Ice Cave and Desolation.

You collected 5636 gold pieces.
You spent 5039 gold pieces at shops.

Inventory:

Hand Weapons
 J - the +6 scimitar of Flaming Death (weapon) {sticky flame, rPois rF++ rC- MR+}
   (You found it in a labyrinth)

   It has been specially enchanted to burn those struck by it, causing extra
   injury to most foes and up to half again as much damage against particularly
   susceptible opponents.
   Big, fiery blades are also staple armaments of hydra-hunters.
   It greatly protects you from fire.
   It makes you vulnerable to cold.
   It protects you from poison.
   It affects your resistance to hostile enchantments.
Armour
 f - a +1 buckler of reflection (worn)
 w - the +2 faerie dragon scales {rF+}
   (You took it off the Enchantress on level 1 of the Depths)

   It protects you from fire.
 B - the +0 ring mail of Peek-a-Boo (worn) {rElec Str+2 Int+4}
   (You bought it in a shop on level 2 of the Orcish Mines)

   It affects your strength (+2).
   It affects your intelligence (+4).
   It insulates you from electricity.
 K - a +2 pair of boots of running (worn)
 L - a +2 cloak (worn)
 N - the +0 helmet of Card Tricks (worn) {rCorr Str+2 Int+4}
   (You found it on level 2 of the Swamp)

   It affects your strength (+2).
   It affects your intelligence (+4).
   It protects you from acid and corrosion.
 S - a +0 pair of gloves of dexterity (worn)
Magical Staves
 G - an uncursed staff of wizardry
 T - an uncursed staff of power
Jewellery
 a - the brooch of Shielding (around neck) {Reflect SH+8}
   (You found it in a labyrinth)

   [amulet of reflection]

   It shields you and reflects attacks.
   It affects your SH (+8).
 i - an uncursed ring of see invisible
 o - a ring of magical power (right hand)
 X - the ring of Tott (left hand) {rPois rC+ Int+2}
   (You found it in the Desolation of Salt)

   [ring of protection from cold]

   It affects your intelligence (+2).
   It protects you from cold.
   It protects you from poison.
Wands
 s - a wand of hasting (5/9)
 v - a wand of teleportation (6/9)
 y - a wand of digging (5/24)
 Z - a wand of disintegration (13/24)
Scrolls
 d - 20 scrolls of remove curse
 g - 11 scrolls of magic mapping
 l - 7 scrolls of fog
 p - 7 scrolls of amnesia
 r - 2 scrolls of blinking
 t - 17 scrolls of teleportation
 u - 9 scrolls of recharging
 z - 2 scrolls of enchant weapon
 A - 5 scrolls of enchant armour
 D - 9 scrolls of identify
 E - 10 scrolls of fear
 H - 3 scrolls of summoning
Potions
 e - 4 potions of resistance
 k - 11 potions of brilliance
 n - 16 potions of curing
 x - 2 potions of berserk rage
 C - 7 potions of flight
 F - 4 potions of haste
 I - 2 potions of agility
 U - a potion of might
 W - 3 potions of heal wounds
Miscellaneous
 b - a phial of floods
 h - a crystal ball of energy
 q - a crystal ball of energy
Comestibles
 c - 23 bread rations


   Skills:
 - Level 8.1(7.7) Fighting
 - Level 12.2(11.8) Armour
 - Level 10.7(10.2) Dodging
 - Level 8.2(7.8) Stealth
 - Level 4.0(3.6) Shields
 O Level 27(26.4) Spellcasting
 - Level 18.9(18.4) Conjurations
 - Level 10.4(10.0) Charms
 - Level 3.1(2.8) Summonings
 * Level 16.2(15.8) Translocations
 - Level 11.4(11.0) Fire Magic
 - Level 19.0(18.5) Ice Magic
 - Level 14.3(13.8) Air Magic
 - Level 12.2(11.7) Earth Magic
 - Level 11.2(10.8) Evocations


You had 4 spell levels left.
You knew the following spells:

 Your Spells              Type           Power        Failure   Level  Hunger
a - Spellforged Servitor  Conj/Summ      ########..   2%          7    None
c - Iskenderun's Mystic   Conj           ########     1%          4    None
d - Disjunction           Tloc           ########..   10%         8    None
e - Summon Butterflies    Summ           #######.     1%          1    None
f - Fireball              Conj/Fire      ########..   1%          5    None
g - Swiftness             Chrm/Air       ########     1%          2    None
h - Deflect Missiles      Chrm/Air       ########..   1%          6    None
k - Lehudib's Crystal Sp  Conj/Erth      ########..   3%          8    None
l - Chain Lightning       Conj/Air       ########..   2%          8    None
m - Bolt of Fire          Conj/Fire      ########..   1%          6    None
o - Controlled Blink      Tloc           N/A          10%         8    None
p - Blink                 Tloc           N/A          1%          2    None
v - Glaciate              Conj/Ice       ########..   7%          9    None
z - Apportation           Tloc           ########..   1%          1    None


Dungeon Overview and Level Annotations

Branches:
Dungeon (15/15)            Temple (1/1) D:7            Lair (6/6) D:10
  Swamp (4/4) Lair:2        Snake (4/4) Lair:4        Slime (0/5) Lair:6
    Orc (2/2) D:9             Elf (3/3) Orc:2        Vaults (5/5) D:13
  Crypt (0/3) Vaults:2     Depths (5/5) D:15           Hell (1/1)
    Dis (0/7) Hell            Geh (1/7) Hell            Coc (0/7) Hell
    Tar (0/7) Hell            Zot (0/5) Depths:5

Altars:
Ashenzari
Cheibriados
Dithmenos
Elyvilon
Fedhas
Gozag
Hepliaklqana
Kikubaaqudgha
Makhleb
Nemelex Xobeh
Okawaru
Qazlal
Ru
Sif Muna
Trog
Uskayaw
Vehumet
Xom
Yredelemnul
Zin
The Shining One

Shops:
D:4 :   D:9 [   D:13 ?   Orc:1 [   Orc:2 (*[?   Elf:1 }[*=((   Elf:3 (
Vaults:2 =   Vaults:3 *   Depths:5 [

Portals:
Hell: Depths:1 Depths:2 Depths:3 Depths:4 Depths:5
Abyss: Depths:1 Depths:2 Depths:3 Depths:4 Depths:5
Pandemonium: Depths:1 Depths:3 Depths:4 Depths:5
Ziggurat: Depths:1

Annotations:
Elf:2 3 runed doors


Innate Abilities, Weirdness & Mutations

Your spells are a little harder to cast, but a little more powerful.
Your movements are slightly less encumbered by armour. (ER -2)


Message History

The spray of metal splinters hits you!
* * * LOW HITPOINT WARNING * * *
The deep elf mage mumbles some strange words.
The deep elf mage blinks!
The deep elf mage casts a spell.
The deep elf mage blinks!
The deep elf mage gestures wildly while chanting.
The deep elf mage blinks!
The vault sentinel blows a loud note on a signal horn!
Blink to where?
Press: ? - help, Dir - move target cursor, p - ironheart preserver
As you read the scroll of blinking, it crumbles to dust.
The ironheart preserver seems to regain its courage.
The deep elf demonologist gestures wildly while chanting.
The deep elf mage gestures wildly while chanting.
The deep elf mage blinks!
As you read the scroll of teleportation, it crumbles to dust.
You feel strangely unstable.
The vault warden hits you from afar with an enchanted halberd!
You die...

# ..# #..# ....#
###################....#
...W.D...§$e.4.........#
.)..?C(.).9..p.p......(#
C.pp.c....§....e.......#
9.c.e...........@......#
###################....#
...# ..# .


You could see an ironheart preserver, a vault warden, a deep elf demonologist, a
war gargoyle, an ice devil and a deep elf mage.

Vanquished Creatures
  A juggernaut (Depths:4)
  Bai Suzhen (Depths:2)
  Boris (Depths:3)
  Frederick (Vaults:3)
  Saint Roka (Elf:3)
  Margery (Vaults:4)
  Vashnia (Snake:4)
  4 caustic shrikes
  Geryon (Hell)
  A golden dragon (Depths:4)
  A bone dragon (Depths:5)
  the Enchantress (Depths:1)
  4 liches
  A tentacled monstrosity (Depths:2)
  A Brimstone Fiend (Geh:1)
  3 titans
  2 deep elf blademasters (Elf:3)
  2 deep elf master archers (Elf:3)
  4 shadow dragons
  4 thorn hunters
  2 sphinxes
  Roxanne (Elf:3)
  Donald (Vaults:4)
  5 tengu reavers
  3 storm dragons
  10 fire giants
  3 deep elf sorcerers
  8 nagarajas
  2 iron dragons
  17 frost giants
  10 vault wardens
  3 imperial myrmidons (Desolation)
  3 balrugs
  A cacodemon (Depths:1)
  Louise (D:14)
  2 orc warlords
  8 ironheart preservers
  2 reapers (Hell)
  3 deep elf elementalists (Elf:3)
  A war gargoyle (Hell)
  18 stone giants
  2 entropy weavers (Vaults:3)
  5 spriggan defenders
  5 vampire knights
  29 very ugly things
  10 deep elf demonologists
  A green draconian (Depths:5)
  A lorocyproca (Hell)
  A white draconian (Depths:5)
  A yellow draconian (Depths:5)
  11 deep elf annihilators
  A halazid warlock (Desolation)
  4 spark wasps (Depths:4)
  A mottled draconian (Depths:5)
  8 ettins
  A green death (Depths:5)
  7 statues (Depths:3)
  A blizzard demon (Hell)
  15 fire dragons
  A merfolk impaler (Depths:1)
  7 deep elf death magi
  A merfolk javelineer (Depths:1)
  A minotaur (Lab)
  4 crystal guardians
  Josephine (Snake:1)
  7 great orbs of eyes
  7 ragged hierophants (Desolation)
  3 deep elf high priests
  13 ogre magi
  9 rakshasas
  17 yaktaur captains
  16 naga warriors
  7 peacekeepers (Desolation)
  Erolcha (Orc:2)
  18 ice dragons
  18 hydras
  29 vault guards
  Fannar (Orc:1)
  7 servants of whispers (Desolation)
  A catoblepas (D:13)
  5 spriggan air magi
  2 quicksilver dragon skeletons
  A ghost crab (shapeshifter) (Depths:2)
  2 ghost crabs (Swamp:4)
  Erica (D:11)
  The ghost of TotoDurand the Fighter, a novice NaFi of Cheibriados (D:9)
  16 centaur warriors
  19 anacondas
  7 alligators
  14 dancing weapons
  4 death knights
  14 deep troll earth magi
  17 deep troll shamans
  3 hell hogs (Hell)
  10 tengu warriors
  11 shock serpents
  5 spriggan berserkers
  27 naga sharpshooters
  5 orc high priests
  A queen ant (Lair:3)
  2 iron golems (Hell)
  13 hell knights
  Sonja (D:14)
  2 soul eaters
  A titan skeleton (Geh:1)
  2 shadow wraiths
  4 iron trolls
  4 salamander mystics
  18 deep elf knights
  2 fire crabs (shapeshifter)
  2 storm dragon skeletons
  5 sun demons
  2 sixfirhies (Depths:5)
  A sea snake (shapeshifter) (Depths:4)
  13 swamp dragons
  7 wizards
  6 glowing orange brains
  34 deep trolls
  2 unseen horrors
  4 flayed ghosts
  3 spriggan druids
  An anaconda zombie (Hell)
  10 naga ritualists
  23 deep elf archers
  7 phantasmal warriors
  Pikel (D:8)
  An anaconda skeleton (Hell)
  16 orc knights
  An orb spider (shapeshifter) (Depths:4)
  A shambling mangrove (Swamp:2)
  10 hill giants
  10 necromancers
  An oklob plant (Swamp:1)
  7 wolf spiders
  2 stone giant zombies
  40 deep elf magi
  24 ironbrand convokers
  2 frost giant zombies
  9 harpies
  A manticore (shapeshifter) (D:15)
  66 ugly things
  17 mana vipers
  8 cyclopes
  4 orc sorcerers
  16 salamanders
  A stone giant skeleton (Hell)
  A fire giant skeleton (Depths:1)
  A black mamba (shapeshifter) (Vaults:3)
  2 ice statues (IceCv)
  10 elephants
  5 rust devils
  2 torpor snails (Lair:6)
  35 black mambas
  2 smoke demons (Hell)
  5 guardian serpents
  3 gargoyles
  24 naga magi
  A molten gargoyle (Geh:1)
  17 vault sentinels
  5 centaur skeletons
  33 spiny frogs
  3 kobold demonologists
  A rime drake (shapeshifter) (Depths:3)
  62 yaktaurs
  2 hellions (Geh:1)
  8 komodo dragons
  2 spiny frogs (shapeshifter)
  2 rime drakes
  A komodo dragon (shapeshifter) (Elf:3)
  A demonic crawler (Hell)
  8 ice devils (Hell)
  A yaktaur (shapeshifter) (D:15)
  A tormentor (Hell)
  9 freezing wraiths
  2 tengu conjurers (D:14)
  3 red devils
  2 hydra zombies (Hell)
  6 trolls
  A spriggan skeleton (Depths:1)
  A polar bear (shapeshifter) (Depths:1)
  12 tyrant leeches
  4 polar bears
  A tyrant leech (shapeshifter) (Depths:2)
  A jumping spider (shapeshifter) (Depths:4)
  Grinder (D:6)
  2 merfolk (shapeshifter)
  44 saltlings (Desolation)
  8 hornets
  27 two-headed ogres
  24 blink frogs
  46 slime creatures
  8 bog bodies
  Prince Ribbit (D:5)
  A raiju (shapeshifter) (Vaults:2)
  11 hippogriffs
  A frost giant simulacrum (Hell)
  A meliai zombie (D:15)
  8 dream sheep
  A stone giant simulacrum (Hell)
  6 spriggans
  4 shadows
  3 air elementals
  5 redbacks
  A fire giant simulacrum (Hell)
  A redback (shapeshifter) (Depths:2)
  A black mamba zombie (Hell)
  A tarantella (Vaults:3)
  9 wraiths
  5 water elementals
  4 wyverns
  A vampire (D:15)
  2 yaks (shapeshifter) (Vaults:1)
  58 yaks
  13 fire elementals
  A fire bat (shapeshifter) (Vaults:1)
  2 fire bats (Depths:3)
  A human (shapeshifter) (D:15)
  A golden eye (shapeshifter) (Depths:2)
  4 basilisks
  Menkaure (D:6)
  A steam dragon (Lair:2)
  4 mottled dragons
  A hungry ghost (D:13)
  26 vampire mosquitoes
  57 nagas
  A warg (Vaults:1)
  Edmund (D:6)
  18 insubstantial wisps
  A soldier ant (shapeshifter) (Depths:1)
  17 swamp worms
  6 soldier ants
  A water moccasin (shapeshifter) (Depths:5)
  19 water moccasins
  A hydra simulacrum (Hell)
  13 hell hounds
  2 floating eyes (shapeshifter)
  7 porcupines
  A floating eye (Depths:2)
  18 ice beasts
  50 orc warriors
  2 slaves (D:8)
  A fire dragon simulacrum (Hell)
  3 sky beasts
  8 swamp drakes
  4 black bears
  The ghost of Philosophy the Skirmisher, an amateur HOFi (D:4)
  4 phantoms
  A spiny frog skeleton (Hell)
  55 ogres
  5 necrophages
  An ogre (shapeshifter) (Depths:4)
  20 wolves
  A spriggan simulacrum (Depths:1)
  14 boggarts
  28 centaurs
  11 crocodiles
  4 big kobolds
  A big kobold (shapeshifter) (Vaults:1)
  2 elf zombies (D:9)
  6 earth elementals
  30 bullfrogs
  A glowing shapeshifter simulacrum (Vaults:3)
  A gnoll sergeant (D:13)
  Blork the orc (D:6)
  2 scorpions
  A killer bee (D:8)
  2 troll zombies (D:9)
  10 wights
  2 howler monkeys (D:13)
  2 electric eels (Lair:6)
  3 bullfrog zombies
  A centaur zombie (D:10)
  9 crimson imps
  3 quasits
  10 hounds
  4 jellies
  34 orc wizards
  4 bullfrog skeletons
  3 human zombies (D:9)
  31 orc priests
  3 iron imps (Hell)
  5 iguanas
  A human skeleton (D:9)
  34 worker ants
  4 killer bee zombies
  A bullfrog simulacrum (D:13)
  2 hound zombies (D:9)
  A mummy (D:9)
  Robin (D:2)
  A worker ant zombie (D:9)
  11 gnolls
  8 adders
  6 shadow imps
  A white imp (Depths:3)
  3 oozes
  An ooze (shapeshifter) (Vaults:3)
  3 adder skeletons
  4 worms
  3 dart slugs
  8 leopard geckos
  126 orcs
  9 giant cockroaches
  18 goblins
  18 hobgoblins
  7 jackals
  9 quokkas
  11 bats
  5 frilled lizards
  16 kobolds
  A leopard gecko zombie (D:9)
  29 rats
  10 blocks of ice
  4 fire vortices (Depths:3)
  2 fungi
  4 plants
2514 creatures vanquished.

Vanquished Creatures (collateral kills)
  A golden dragon (Depths:5)
  A tentacled monstrosity (Depths:5)
  A quicksilver dragon (Depths:4)
  A shadow dragon (Depths:3)
  A nagaraja (Snake:3)
  2 fire giants
  A revenant (Hell)
  A frost giant (Depths:5)
  A draconian shifter (Depths:5)
  A draconian annihilator (Depths:3)
  A draconian caller (Depths:5)
  A black draconian (Depths:5)
  A stone giant (Depths:2)
  A white draconian (Depths:5)
  A red draconian (Depths:5)
  2 ragged hierophants (Desolation)
  A yaktaur captain (Vaults:5)
  A fire dragon (Depths:5)
  3 naga warriors
  A servant of whispers (Desolation)
  An alligator (Swamp:2)
  2 deep troll shamans
  A spriggan berserker (Depths:5)
  A deep troll earth mage (Depths:4)
  An iron golem (Hell)
  A hell knight (Depths:5)
  An anaconda zombie (Hell)
  2 deep trolls
  An orc knight (Orc:2)
  A phantasmal warrior (Vaults:5)
  An anaconda skeleton (Hell)
  2 mana vipers (Snake:1)
  2 salamanders
  A black mamba (Snake:1)
  2 yaktaurs
  A red devil (Hell)
  A hornet (Swamp:4)
  3 slime creatures (Depths:4)
  11 saltlings (Desolation)
  An air elemental (Depths:4)
  An alligator skeleton (Hell)
  A shadow (Swamp:1)
  3 vampire mosquitoes
  11 nagas
  8 orc warriors
  3 orc priests (Orc:2)
  10 orcs
  3 blocks of ice (Depths:3)
  A fungus (Elf:3)
  3 plants (Elf:1)
105 creatures vanquished.

Vanquished Creatures (others)
  A spriggan defender (Depths:3)
  A deep elf annihilator (Depths:3)
  A yaktaur captain (Vaults:3)
  2 centaur warriors
  2 spriggan air magi
  Urug (Orc:1)
  A naga sharpshooter (Snake:2)
  A deep elf knight (Elf:1)
  A wizard (Depths:3)
  2 deep elf magi (Depths:3)
  A cyclops (D:15)
  A salamander (Depths:3)
  6 yaktaurs
  A hornet (Depths:3)
  A spriggan (Depths:3)
  A fire bat (shapeshifter) (Vaults:5)
  3 centaurs
  An adder (D:8)
  28 blocks of ice
  37 fungi
  55 plants
148 creatures vanquished.

Grand Total: 2767 creatures vanquished

Notes
Turn   | Place    | Note
-------+----------+-------------------------------------------
     0 | D:1      | lorenzova the Deep Elf Conjurer began the quest for the Orb.
     0 | D:1      | Reached XP level 1. HP: 10/10 MP: 6/6
   291 | D:1      | Reached XP level 2. HP: 15/15 MP: 2/8
   743 | D:1      | Reached skill level 4 in Spellcasting
   781 | D:1      | Reached XP level 3. HP: 19/19 MP: 2/10
   944 | D:1      | Reached skill level 5 in Conjurations
  1418 | D:2      | Noticed Robin
  1631 | D:2      | Reached XP level 4. HP: 22/24 MP: 4/12
  2270 | D:1      | Learned a level 4 spell: Iskenderun's Mystic Blast
  2371 | D:2      | Reached skill level 5 in Spellcasting
  2512 | D:2      | Reached XP level 5. HP: 28/28 MP: 12/14
  2679 | D:2      | Killed Robin
  4576 | D:3      | Reached skill level 6 in Spellcasting
  4780 | D:4      | Noticed Philosophy's ghost (amateur HOFi)
  4786 | D:4      | Killed Philosophy's ghost
  4786 | D:4      | Reached XP level 6. HP: 32/32 MP: 0/17
  4793 | D:4      | Learned a level 5 spell: Iskenderun's Battlesphere
  4965 | D:4      | Reached skill level 1 in Charms
  5312 | D:4      | Reached skill level 7 in Spellcasting
  5499 | D:4      | Reached XP level 7. HP: 30/36 MP: 19/19
  5714 | D:4      | Found Nesch's Book Shop.
  6506 | D:5      | Entered Level 5 of the Dungeon
  6635 | D:5      | Reached skill level 8 in Spellcasting
  6734 | D:5      | Found a bloodstained altar of Trog.
  7073 | D:5      | Reached XP level 8. HP: 34/41 MP: 17/22
  7516 | D:5      | Found a hazy altar of Hepliaklqana.
  7517 | D:5      | Found a bloodstained altar of Trog.
  7518 | D:5      | Found a hide-covered altar of Uskayaw.
  7519 | D:5      | Found a glowing golden altar of the Shining One.
  7523 | D:5      | Found a shattered altar of Ashenzari.
  7659 | D:5      | Noticed Prince Ribbit
  7663 | D:5      | Killed Prince Ribbit
  7663 | D:5      | Reached skill level 9 in Spellcasting
  7992 | D:6      | Reached skill level 5 in Charms
  8104 | D:6      | Noticed Edmund
  8108 | D:6      | Killed Edmund
  8446 | D:6      | Reached skill level 10 in Spellcasting
  8622 | D:6      | Reached XP level 9. HP: 45/45 MP: 25/25
  8694 | D:6      | Noticed Grinder
  8700 | D:6      | Killed Grinder
  8743 | D:6      | Noticed Blork the orc
  8746 | D:6      | Killed Blork the orc
  8812 | D:6      | Noticed Menkaure
  8818 | D:6      | Killed Menkaure
  8818 | D:6      | Reached skill level 10 in Conjurations
  9002 | D:6      | Reached skill level 11 in Spellcasting
  9699 | D:7      | Found a staircase to the Ecumenical Temple.
  9717 | Temple   | Entered the Ecumenical Temple
  9734 | Temple   | Became a worshipper of Vehumet
 10507 | D:8      | Noticed Pikel
 10631 | D:8      | Found a hide-covered altar of Uskayaw.
 10817 | D:8      | Reached skill level 12 in Spellcasting
 11102 | D:8      | Killed Pikel
 11102 | D:8      | Reached XP level 10. HP: 50/50 MP: 17/28
 11782 | D:9      | Reached * piety under Vehumet
 11782 | D:9      | Offered knowledge of Flame Tongue by Vehumet.
 11833 | D:9      | Found a basalt altar of Yredelemnul.
 12213 | D:9      | Found Lemido's Antique Armour Emporium.
 12219 | D:9      | Bought a pair of runed gloves for 241 gold pieces
 12422 | D:9      | Reached ** piety under Vehumet
 12446 | D:9      | Offered knowledge of Throw Flame by Vehumet.
 12455 | D:9      | Found a staircase to the Orcish Mines.
 12487 | D:9      | Reached skill level 13 in Spellcasting
 12556 | D:9      | Noticed a hill giant
 12560 | D:9      | Killed a hill giant
 12750 | D:9      | Noticed TotoDurand's ghost (novice NaFi)
 12756 | D:9      | Killed TotoDurand's ghost
 12832 | D:9      | Reached skill level 10 in Charms
 12914 | D:9      | Reached XP level 11. HP: 54/54 MP: 30/30
 13436 | D:10     | Entered Level 10 of the Dungeon
 13579 | D:10     | Found a staircase to the Lair.
 13581 | D:10     | Noticed a centaur warrior
 13714 | D:10     | Reached skill level 14 in Spellcasting
 13763 | D:10     | Killed a centaur warrior
 13843 | D:10     | Offered knowledge of Throw Frost by Vehumet.
 14233 | Lair:1   | Entered Level 1 of the Lair of Beasts
 14345 | Lair:1   | Reached *** piety under Vehumet
 14382 | Lair:1   | Reached skill level 1 in Fighting
 14405 | Lair:1   | Found a labyrinth entrance.
 14415 | Lab      | Entered a labyrinth
 14537 | Lab      | Noticed a minotaur
 14544 | Lab      | Killed a minotaur
 14598 | Lab      | Got an ivory dagger
 14606 | Lab      | Identified the +4 dagger of the Slime-mould {pierce, +Fly rF+} (You found it in a labyrinth)
 14804 | Lair:1   | Reached skill level 15 in Spellcasting
 15093 | Lair:1   | Offered knowledge of Throw Icicle by Vehumet.
 15276 | Lair:2   | Reached XP level 12. HP: 64/64 MP: 33/33
 15468 | Lair:2   | Reached **** piety under Vehumet
 15531 | Lair:2   | Offered knowledge of Bolt of Draining by Vehumet.
 15913 | Lair:2   | Reached skill level 5 in Dodging
 16024 | Lair:2   | Found a staircase to the Swamp.
 16227 | Lair:3   | Reached skill level 16 in Spellcasting
 16553 | Lair:3   | Noticed a five-headed hydra
 16556 | Lair:3   | Killed a five-headed hydra
 17133 | Lair:3   | Noticed a queen ant
 17136 | Lair:3   | Killed a queen ant
 17183 | Lair:3   | Reached ***** piety under Vehumet
 17188 | Lair:3   | Offered knowledge of Bolt of Fire by Vehumet.
 17196 | Lair:3   | Learned a level 6 spell: Bolt of Fire
 17538 | Lair:4   | Noticed a six-headed hydra
 17541 | Lair:4   | Killed a six-headed hydra
 17541 | Lair:4   | Reached skill level 1 in Fire Magic
 17674 | Lair:4   | Found a staircase to the Snake Pit.
 17676 | Lair:4   | Reached XP level 13. HP: 72/72 MP: 35/35
 17759 | Lair:4   | Reached skill level 15 in Conjurations
 17959 | Lair:4   | Found a frozen archway.
 17977 | Lair:4   | Reached skill level 17 in Spellcasting
 17993 | IceCv    | Entered an ice cave
 18880 | Lair:4   | Learned a level 6 spell: Deflect Missiles
 19011 | Lair:5   | You fall through a shaft!
 19011 | Lair:6   | Entered Level 6 of the Lair of Beasts
 19027 | Lair:6   | Reached skill level 1 in Air Magic
 19485 | Lair:6   | Reached skill level 5 in Fire Magic
 20303 | Lair:6   | Found a staircase to the Slime Pits.
 20477 | Lair:6   | Reached XP level 14. HP: 76/76 MP: 37/37
 20616 | Lair:6   | Reached skill level 18 in Spellcasting
 20619 | Lair:6   | Reached skill level 5 in Air Magic
 20639 | Lair:6   | Offered knowledge of Iron Shot by Vehumet.
 21515 | Lair:1   | Learned a level 1 spell: Summon Butterflies
 21517 | Lair:1   | Learned a level 1 spell: Apportation
 21522 | Lair:1   | Learned a level 4 spell: Summon Lightning Spire
 21684 | D:11     | Learned a level 5 spell: Fireball
 21705 | D:11     | Noticed Erica
 21716 | D:11     | Killed Erica
 21755 | D:11     | Found a hazy altar of Hepliaklqana.
 21792 | D:11     | Identified the Disquisition on the Toxic Glacier
 21847 | D:11     | Got a brightly glowing leather armour
 22136 | D:11     | Identified the +1 leather armour "Getass" {rC+ rCorr Int-4} (You found it on level 11 of the Dungeon)
 22690 | D:12     | Offered knowledge of Lee's Rapid Deconstruction by Vehumet.
 23257 | D:13     | Reached skill level 1 in Translocations
 23319 | D:13     | Found a large runed door.
 23320 | D:13     | Found a large runed door.
 23330 | D:13     | Reached skill level 1 in Summonings
 23411 | D:13     | Found a hazy altar of Hepliaklqana.
 23414 | D:13     | Found a glowing silver altar of Zin.
 23556 | D:13     | Found a gate to the Vaults.
 23795 | D:13     | Found Xuwoethrithro's Magic Scroll Shoppe.
 23803 | D:13     | Bought a scroll of identify for 30 gold pieces
 23803 | D:13     | Bought a scroll of identify for 30 gold pieces
 23803 | D:13     | Bought 2 scrolls of recharging for 285 gold pieces
 23803 | D:13     | Bought a scroll of amnesia for 52 gold pieces
 23803 | D:13     | Bought a scroll of enchant armour for 112 gold pieces
 24358 | Orc:1    | Entered Level 1 of the Orcish Mines
 24526 | Orc:2    | Entered Level 2 of the Orcish Mines
 24526 | Orc:2    | Found a staircase to the Elven Halls.
 24764 | Orc:2    | Reached ****** piety under Vehumet
 24852 | Orc:2    | Offered knowledge of Freezing Cloud by Vehumet.
 25078 | Orc:2    | Noticed Erolcha
 25080 | Orc:2    | Killed Erolcha
 25126 | Orc:2    | Reached XP level 15. HP: 81/81 MP: 39/39
 25249 | Orc:2    | Found Orghel's Magic Scroll Shop.
 25249 | Orc:2    | Found Yzxoticy's Antique Armour Shop.
 25253 | Orc:2    | Found Koh Zize's General Store.
 25254 | Orc:2    | Found Yxiuck's Antique Weapon Shop.
 25274 | Orc:2    | Reached skill level 19 in Spellcasting
 25471 | Orc:2    | Bought a scroll of magic mapping for 45 gold pieces
 25471 | Orc:2    | Bought a scroll of identify for 26 gold pieces
 25471 | Orc:2    | Bought a scroll of fear for 45 gold pieces
 25471 | Orc:2    | Bought a scroll of immolation for 45 gold pieces
 25472 | Orc:2    | Bought a scorched ring mail for 324 gold pieces
 25472 | Orc:2    | Bought a pair of glowing boots for 378 gold pieces
 25478 | Orc:2    | Identified a +2 pair of boots of running (You bought it in a shop on level 2 of the Orcish Mines)
 25488 | Orc:2    | Identified the cursed +0 ring mail of Peek-a-Boo {rElec Str+2 Int+4} (You bought it in a shop on level 2 of the Orcish Mines)
 25496 | Orc:2    | Learned a level 6 spell: Freezing Cloud
 26123 | Orc:1    | Noticed Fannar
 26126 | Orc:1    | Killed Fannar
 26159 | Orc:1    | Noticed Urug
 26162 | Orc:1    | Killed Urug
 26203 | Orc:1    | Found Zotwi's Armour Emporium.
 26698 | Snake:1  | Entered Level 1 of the Snake Pit
 26704 | Snake:1  | Reached skill level 1 in Ice Magic
 27006 | Snake:1  | Offered knowledge of Poison Arrow by Vehumet.
 27516 | Snake:1  | Found Oquoj's Book Shoppe.
 27789 | Snake:1  | Reached skill level 10 in Fire Magic
 27884 | Snake:1  | Noticed Josephine
 27887 | Snake:1  | Killed Josephine
 27887 | Snake:1  | Reached skill level 5 in Ice Magic
 28371 | Snake:2  | Noticed a nagaraja
 28422 | Snake:2  | Offered knowledge of Poisonous Cloud by Vehumet.
 28522 | Snake:2  | Reached XP level 16. HP: 78/86 MP: 16/41
 28898 | Snake:2  | Reached skill level 20 in Spellcasting
 29299 | Snake:2  | Reached skill level 1 in Armour
 31076 | Snake:4  | Entered Level 4 of the Snake Pit
 31079 | Snake:4  | Offered knowledge of Delayed Fireball by Vehumet.
 31085 | Snake:4  | Reached skill level 10 in Air Magic
 31338 | Snake:4  | Noticed Vashnia
 31634 | Snake:4  | Reached XP level 17. HP: 90/90 MP: 33/43
 31939 | Snake:4  | Reached skill level 1 in Shields
 32151 | Snake:4  | Killed Vashnia
 32900 | Snake:4  | Reached skill level 5 in Armour
 32905 | Snake:4  | Offered knowledge of Lehudib's Crystal Spear by Vehumet.
 32905 | Snake:4  | Offered knowledge of Glaciate by Vehumet.
 32905 | Snake:4  | Offered knowledge of Chain Lightning by Vehumet.
 33258 | Snake:4  | Got a serpentine rune of Zot
 33791 | Lair:1   | Learned a level 8 spell: Chain Lightning
 33800 | Lair:1   | Learned a level 8 spell: Lehudib's Crystal Spear
 33851 | D:9      | Bought a runed buckler for 241 gold pieces
 34043 | D:9      | Bought a steaming ring mail for 207 gold pieces
 34054 | D:9      | Identified the +0 ring mail "Qimimeaz" {rElec MR+} (You bought it in a shop on level 9 of the Dungeon)
 34191 | Swamp:1  | Entered Level 1 of the Swamp
 34372 | Swamp:1  | Reached skill level 5 in Fighting
 34836 | Swamp:1  | Reached skill level 1 in Earth Magic
 35127 | Swamp:2  | Identified Itherph's Collected Works on Clay
 35299 | Swamp:2  | Got a slimy helmet
 35310 | Swamp:2  | Identified the +0 helmet of Card Tricks {rCorr Str+2 Int+4} (You found it on level 2 of the Swamp)
 36160 | Swamp:3  | Reached skill level 21 in Spellcasting
 36341 | Swamp:3  | Reached XP level 18. HP: 97/97 MP: 36/45
 36631 | Swamp:3  | Gained mutation: Your spells are a little harder to cast, but a little more powerful. [potion of beneficial mutation]
 37133 | Swamp:4  | Entered Level 4 of the Swamp
 37915 | Swamp:4  | Got a decaying rune of Zot
 38309 | Elf:1    | Entered Level 1 of the Elven Halls
 38708 | Elf:1    | Found Bifamoh's Gadget Boutique.
 39098 | Elf:1    | Found Toaphe's Jewellery Shop.
 39098 | Elf:1    | Found Kugha's Antique Weapon Shop.
 39102 | Elf:1    | Found Qamuu's Assorted Antiques.
 39103 | Elf:1    | Found Wask's Weapon Shop.
 39435 | Elf:1    | Reached skill level 5 in Earth Magic
 39522 | Elf:1    | Found Ifag's Antique Armour Boutique.
 40262 | Elf:2    | Found a ruined gateway.
 40277 | Desolati | Entered the Desolation of Salt
 40547 | Desolati | Reached skill level 10 in Ice Magic
 40550 | Desolati | Reached XP level 19. HP: 45/107 MP: 21/46
 41096 | Desolati | Identified Sif Muna's Volume of Nocuous Hexes
 41099 | Desolati | Got a transparent trident
 41114 | Desolati | Identified the +12 trident of Xaudiawk {pierce, Int+2 Stlth+} (You found it in the Desolation of Salt)
 42181 | Desolati | Got a flickering granite ring
 42185 | Desolati | Identified the ring of Tott {rPois rC+ Int+2} (You found it in the Desolation of Salt)
 42785 | Desolati | Got a twisted glaive
 43127 | Elf:2    | Found an ancient bone altar of Kikubaaqudgha.
 43192 | Elf:2    | Found a runed gate.
 43192 | Elf:2    | Found a runed gate.
 43192 | Elf:2    | Found a runed gate.
 43466 | Elf:3    | Entered Level 3 of the Elven Halls
 43601 | Lair:1   | Identified a scroll of acquirement
 43615 | Lair:1   | Got a crude zirconium amulet
 43959 | D:14     | Noticed Sonja
 43966 | D:14     | Killed Sonja
 44176 | D:14     | Noticed Louise
 44179 | D:14     | Killed Louise
 44829 | D:15     | Entered Level 15 of the Dungeon
 45576 | D:15     | Found a staircase to the Depths.
 45822 | Depths:1 | Entered Level 1 of the Depths
 45822 | Depths:1 | Noticed a lich
 45824 | Depths:1 | Killed a lich
 46299 | Elf:3    | Found Uthot Nesarr's Antique Weapon Boutique.
 46509 | Elf:3    | Identified the amulet of Wishful Thinking {Spirit rElec Str+5} (You acquired it on level 1 of the Lair of Beasts)
 46513 | Elf:3    | Learned a level 2 spell: Swiftness
 46603 | Elf:3    | Noticed a Tzitzimitl
 46994 | Elf:3    | Noticed Roxanne
 47105 | Elf:3    | Killed Roxanne
 47238 | Elf:3    | Reached XP level 20. HP: 108/112 MP: 21/47
 47499 | Elf:3    | Noticed Saint Roka
 47549 | Elf:3    | Killed Saint Roka
 47549 | Elf:3    | Reached skill level 22 in Spellcasting
 47946 | Elf:3    | Reached skill level 10 in Earth Magic
 48256 | Elf:3    | Got a shimmering short sword {flame}
 48346 | Elf:3    | Identified the +6 short sword of Maezin {flame, rF+ rN+} (You took it off a deep elf mage on level 3 of the Elven Halls)
 48949 | Elf:3    | Got a faintly glowing golden ring
 49200 | Elf:3    | Learned a level 2 spell: Blink
 49227 | Elf:3    | Identified a +2 pair of boots of running (You found it on level 3 of the Elven Halls)
 49644 | Elf:3    | Identified the ring of Ygorext {MR+ Stlth-} (You took it off a deep elf mage on level 3 of the Elven Halls)
 49656 | Elf:3    | Gained mutation: Your movements are slightly less encumbered by armour. (ER -2) [potion of beneficial mutation]
 49916 | Vaults:1 | Entered Level 1 of the Vaults
 51163 | Vaults:1 | Reached skill level 10 in Dodging
 52015 | Vaults:1 | Reached XP level 21. HP: 108/117 MP: 20/49
 52970 | Vaults:2 | Found a staircase to the Crypt.
 52977 | Vaults:2 | Reached skill level 1 in Evocations
 53213 | Vaults:2 | Found Gyrutim's Jewellery Boutique.
 53770 | Vaults:2 | Reached skill level 23 in Spellcasting
 53876 | Vaults:2 | Reached skill level 5 in Stealth
 54162 | Vaults:3 | Reached XP level 22. HP: 122/122 MP: 51/51
 54352 | Vaults:3 | Found Liveof's General Store.
 54365 | Vaults:3 | Bought a scroll of identify for 36 gold pieces
 54772 | Vaults:3 | Noticed Frederick
 54777 | Vaults:3 | Killed Frederick
 55692 | Vaults:3 | Reached skill level 5 in Evocations
 56810 | Vaults:3 | Learned a level 9 spell: Glaciate
 56815 | Vaults:4 | Reached XP level 23. HP: 117/127 MP: 50/52
 57232 | Vaults:4 | Reached skill level 24 in Spellcasting
 57522 | Vaults:4 | Noticed Margery
 57810 | Vaults:4 | Killed Margery
 57810 | Vaults:4 | Reached skill level 10 in Armour
 58150 | Vaults:4 | Noticed Donald
 58154 | Vaults:4 | Killed Donald
 58920 | Depths:1 | Noticed the Enchantress
 58925 | Depths:1 | Found a gateway to Hell.
 58938 | Depths:1 | Reached skill level 15 in Ice Magic
 59258 | Depths:1 | Killed the Enchantress
 59540 | Depths:1 | Found a one-way gate leading to the halls of Pandemonium.
 59789 | Depths:1 | Reached skill level 25 in Spellcasting
 60175 | Depths:1 | Found a gateway to a ziggurat.
 60414 | Depths:1 | Found a one-way gate to the infinite horrors of the Abyss.
 60726 | Depths:2 | Reached XP level 24. HP: 132/132 MP: 49/54
 60733 | Depths:2 | Noticed Bai Suzhen
 60847 | Depths:2 | Killed Bai Suzhen
 61208 | Depths:2 | Found a blossoming altar of Fedhas.
 61210 | Depths:2 | Found an iron altar of Okawaru.
 61214 | Depths:2 | Found a sacrificial altar of Ru.
 63047 | Depths:2 | Reached skill level 26 in Spellcasting
 63450 | Depths:2 | Got a twisted hand axe {protect}
 63480 | Depths:2 | Identified the +8 hand axe of the Evening {protect, rPois rN+ Str+2} (You took it off a spriggan berserker on level 2 of the Depths)
 63618 | Depths:2 | Reached skill level 10 in Evocations
 64353 | Elf:1    | Bought a pair of jewelled boots for 332 gold pieces
 64370 | Elf:1    | Identified the cursed +0 pair of boots of Satisfaction {MR+} (You bought it in a shop on level 1 of the Elven Halls)
 64426 | Elf:1    | Bought a wand of hasting (5/9) for 1026 gold pieces
 64641 | Lair:1   | Learned a level 7 spell: Spellforged Servitor
 64847 | D:4      | Bought a book of the Warp for 1170 gold pieces
 66395 | Depths:3 | Reached XP level 25. HP: 136/136 MP: 31/55
 66477 | Depths:3 | Identified the Papyrus of Flamy Boosts
 66618 | Depths:3 | Found a radiant altar of Vehumet.
 66624 | Depths:3 | Noticed Boris
 66631 | Depths:3 | Killed Boris
 66649 | Depths:3 | Got a crude leather armour
 68351 | Depths:4 | Reached skill level 27 in Spellcasting
 68487 | Depths:4 | Identified the +3 leather armour of the Wars {Str+4} (You took it off a deep elf annihilator on level 3 of the Depths)
 68866 | Depths:4 | Noticed a juggernaut
 68879 | Depths:4 | Killed a juggernaut
 69556 | Depths:5 | Entered Level 5 of the Depths
 69572 | Depths:5 | Reached skill level 5 in Translocations
 70605 | Depths:5 | Found a shattered altar of Ashenzari.
 70634 | Depths:5 | Found Cokoc's Antique Armour Boutique.
 70818 | Depths:5 | Reached skill level 10 in Translocations
 70912 | Depths:5 | Found a gate to the Realm of Zot.
 71087 | Depths:5 | Reached XP level 26. HP: 141/141 MP: 56/56
 71515 | Depths:5 | Learned a level 8 spell: Controlled Blink
 71524 | Depths:5 | Learned a level 8 spell: Disjunction
 72110 | Hell     | Entered the Vestibule of Hell
 72110 | Hell     | Noticed Geryon
 72117 | Hell     | Killed Geryon
 72380 | Hell     | Found a gateway to the ashen valley of Gehenna.
 72557 | Hell     | Found a gateway to the Iron City of Dis.
 72702 | Hell     | Found a gateway to the freezing wastes of Cocytus.
 72891 | Hell     | Found a gateway to the decaying netherworld of Tartarus.
 73096 | Geh:1    | Entered Level 1 of Gehenna
 73522 | Depths:1 | Got faerie dragon scales
 73534 | Depths:1 | Identified the +2 faerie dragon scales {rF+} (You took it off the Enchantress on level 1 of the Depths)
 73750 | D:9      | Bought a crude scale mail for 207 gold pieces
 73750 | D:9      | Bought a twisted scale mail for 207 gold pieces
 73760 | D:9      | Identified the +6 scale mail "Fomesuh" {rN+ Regen+ Slay-6} (You bought it in a shop on level 9 of the Dungeon)
 73771 | D:9      | Identified the +2 scale mail of the Commoners {rPois} (You bought it in a shop on level 9 of the Dungeon)
 75333 | Vaults:5 | Entered Level 5 of the Vaults
 75334 | Vaults:5 | Reached skill level 15 in Translocations
 75402 | Vaults:5 | HP: 7/141 [quicksilver dragon/bolt of dispelling energy (31)]
 75404 | Vaults:5 | Mangled by a vault warden

Skill      XL: |  1  2  3  4  5  6  7  8  9 10 11 12 13 14 15 16 17 18 19 20 21 22 23 24 25 26 |
---------------+-------------------------------------------------------------------------------+-----
Spellcasting   | 4 5 6 7 8 10 12 13 15 16 17 18 19 20 21 22 23 25 26 27 | 27.0
Conjurations   | 5 6 7 8 9 11 12 13 14 15 16 17 18 | 18.9
Charms         | 1 4 6 8 10 | 10.4
Fighting       | 2 4 5 7 8 |  8.1
Dodging        | 4 6 7 8 10 | 10.7
Fire Magic     | 1 6 9 10 11 | 11.4
Air Magic      | 4 6 8 10 11 13 14 | 14.3
Translocations | 2 3 10 16 | 16.2
Summonings     | 2 3 |  3.1
Ice Magic      | 5 7 9 10 11 12 14 16 18 19 | 19.0
Armour         | 3 6 8 9 10 11 12 | 12.2
Shields        | 4 |  4.0
Earth Magic    | 2 5 9 11 12 | 12.2
Evocations     | 3 5 8 10 11 | 11.2
Stealth        | 8 |  8.2

Action                   |  1- 3 |  4- 6 |  7- 9 | 10-12 | 13-15 | 16-18 | 19-21 | 22-24 | 25-27 || total
-------------------------+-------+-------+-------+-------+-------+-------+-------+-------+-------++-------
Melee: Unarmed           |     3 |       |       |       |       |       |       |       |       ||     3
       Dagger            |       |    52 |    10 |       |       |       |       |       |       ||    62
       Scimitar          |       |       |       |    38 |   103 |    69 |       |    10 |    14 ||   234
       Staff             |       |       |       |       |       |       |     2 |     1 |       ||     3
 Cast: Magic Dart        |   100 |   161 |   230 |   316 |   490 |   335 |   182 |    21 |       ||  1835
       Iskenderun's Myst |       |    15 |    38 |   105 |   206 |   346 |   185 |    84 |    79 ||  1058
       Iskenderun's Batt |       |       |    23 |    79 |   111 |    93 |    74 |    17 |     1 ||   398
       Bolt of Fire      |       |       |       |       |    69 |   117 |   204 |   281 |   134 ||   805
       Fireball          |       |       |       |       |    36 |    25 |     5 |       |     1 ||    67
       Summon Lightning  |       |       |       |       |    12 |    28 |    11 |       |       ||    51
       Summon Butterflie |       |       |       |       |     3 |       |       |       |       ||     3
       Freezing Cloud    |       |       |       |       |     1 |    21 |     4 |    10 |       ||    36
       Apportation       |       |       |       |       |       |    10 |     2 |       |     2 ||    14
       Deflect Missiles  |       |       |       |       |       |     3 |     1 |     2 |     2 ||     8
       Chain Lightning   |       |       |       |       |       |       |    72 |   144 |    46 ||   262
       Lehudib's Crystal |       |       |       |       |       |       |    42 |    92 |    90 ||   224
       Glaciate          |       |       |       |       |       |       |       |    11 |    41 ||    52
       Spellforged Servi |       |       |       |       |       |       |       |     5 |    26 ||    31
       Blink             |       |       |       |       |       |       |       |     1 |     1 ||     2
       Controlled Blink  |       |       |       |       |       |       |       |       |     3 ||     3
Evoke: Wand              |       |       |       |       |     2 |     1 |     2 |     5 |     1 ||    11
       Crystal ball of e |       |       |       |       |       |       |       |     1 |       ||     1
       Phial of floods   |       |       |       |       |       |       |       |     1 |       ||     1
  Use: Potion            |       |       |     1 |       |     1 |     3 |     4 |     4 |     4 ||    17
       Scroll            |       |       |     4 |     4 |    11 |     6 |    16 |     8 |     5 ||    54
 Stab: Sleeping          |       |       |     1 |       |     1 |       |       |       |       ||     2
       Distracted        |       |       |       |       |     1 |       |       |       |       ||     1
  Eat: Beef jerky        |     1 |       |       |       |       |     2 |     3 |       |       ||     6
       Chunk             |       |    11 |    15 |    12 |    25 |    10 |    30 |    30 |     8 ||   141
       Fruit             |       |     5 |       |    12 |     7 |     5 |       |     5 |       ||    34
       Meat ration       |       |       |     1 |       |       |     3 |     1 |       |     2 ||     7
       Royal jelly       |       |       |       |       |     1 |       |       |       |       ||     1
       Pizza             |       |       |       |       |       |     1 |     1 |       |     1 ||     3
       Bread ration      |       |       |       |       |       |     1 |       |       |     2 ||     3
Armor: Robe              |     1 |    20 |     6 |       |       |       |       |       |       ||    27
       Troll leather arm |       |       |     4 |    44 |    72 |    49 |       |       |       ||   169
       Ring mail         |       |       |       |       |       |    11 |    62 |    92 |    44 ||   209
       Mottled dragon sc |       |       |       |       |       |       |       |       |     1 ||     1
Dodge: Dodged            |    11 |    69 |    42 |    75 |   156 |   123 |    55 |    43 |    49 ||   623
       Deflected         |       |       |       |       |       |    20 |    42 |    30 |    14 ||   106
Block: Other             |       |       |       |    33 |    13 |       |       |       |       ||    46
       Buckler           |       |       |       |       |   161 |   169 |   113 |    73 |    53 ||   569
       Reflection        |       |       |       |       |    21 |    27 |    45 |    39 |    16 ||   148
       Rpst.: Scimitar   |       |       |       |    11 |    34 |    28 |     4 |     1 |     4 ||    82
